Monarchs vs Blackdemons

Created - May 3, 2019 at 21:51

Goals
1 2 3 T
Monarchs 0 0 1 1
Blackdemons 1 0 1 2
Shots
1 2 3 T
Monarchs 10 3 17 30
Blackdemons 12 8 13 33

1st period

1. Blackdemons , Alexei Morozov 44 (Patrice Cormier 68) at 18:25

Penalties :
Brandon Pirri (MAN) for Interference (Minor) at 6:29

2nd period

No Goal

Penalties :
Taylor Beck (MAN) for Slashing (Minor) at 3:37, Brandon Pirri (MAN) for Hooking (Minor) at 5:58, Robbie Russo (MJM) for Roughing (Double Minor) at 9:04, Jujhar Khaira (MAN) for Hooking (Minor) at 15:38

3rd period

2. Monarchs , Craig Smith 48 (Robert Hagg 19, Daultan Leveillé 44) at 0:22
3. Blackdemons , Jeffrey Foss 6 (Martin Hanzal 73, Blake Pietila 44) at 2:48

Penalties :
Blake Pietila (MJM) for Tripping (Minor) at 0:25, Josh Manson (MAN) for Interference (Minor) at 8:58, Zachary Sanford (MJM) for Goalie Interference (Minor) at 11:45, Jujhar Khaira (MAN) for Slashing (Double Minor) at 12:36

Goalie Stats

Ilya Bryzgalov (MAN), 31 saves from 33 shots - (0.939), L, 12-9-1, 59:51 minutes
Matt Hackett (MJM), 29 saves from 30 shots - (0.967), W, 41-10-2, 60:00 minutes

Players Stats for Monarchs

Player Name              G  A  P  +/- PIM S  H  SB GA TA FO     MP     PP MP  PK MP  
------------------------------------------------------------------------------------
Anthony Peluso           0  0  0   0  0   0  0  0  0  0  0/0     0:00   0:00   0:00 
Bo Horvat                0  0  0  -1  0   1  0  0  0  0  7/20   14:51   2:52   0:00 
Brandon Pirri            0  0  0  -1  4   2  1  1  1  0  0/0    12:33   0:59   0:00 
Colin Smith              0  0  0   0  0   0  0  0  0  0  0/0     0:49   0:22   0:24 
Connor Clifton           0  0  0   0  0   0  0  0  0  0  0/0     0:10   0:10   0:00 
Craig Smith              1  0  1   1  0   5  4  0  0  0  1/4    20:25   2:49   3:52 
Daultan Leveillé         0  1  1   1  0   2  2  1  0  0  8/27   23:24   3:01   7:17 
Eric Fehr                0  0  0  -1  0   1  0  0  2  0  0/0     5:41   0:00   0:00 
Frederik Gauthier        0  0  0  -1  0   0  0  0  0  0  2/7    13:20   0:47   7:17 
Joe Morrow               0  0  0   0  0   0  1  0  0  0  0/0     3:30   0:36   0:00 
Josh Manson              0  0  0   0  2   1  1  0  0  1  0/0    17:32   1:06   4:58 
Jujhar Khaira            0  0  0   0  6   2  0  0  0  1  0/0    14:20   3:00   2:03 
Max Domi                 0  0  0   1  0   1  1  0  0  0  0/1    16:07   2:47   0:00 
Mike Hoffman             0  0  0   0  0   0  1  0  0  0  0/0     0:48   0:22   0:18 
Mike Reilly              0  0  0  -1  0   1  0  2  1  0  0/0    14:35   3:13   0:00 
Nathan Paetsch           0  0  0   0  0   0  3  4  1  1  0/0    24:53   3:02   7:11 
Robert Hagg              0  1  1   0  0   0  0  4  0  0  0/0    18:01   0:00   7:11 
Ryan White               0  0  0   0  0   2  3  0  0  0  4/11   12:12   0:00   2:42 
Taylor Beck              0  0  0  -1  2   5  3  0  0  0  0/0    16:33   3:00   1:39 
Tom Wilson               0  0  0   0  0   4  2  1  0  0  1/1    12:22   3:01   0:00 
Valentin Zykov           0  0  0  -1  0   0  0  0  0  0  0/0     4:59   0:00   0:00 
Will Butcher             0  0  0  -1  0   2  0  2  0  0  0/0    19:29   2:57   0:37 
Zac Leslie               0  0  0   0  0   1  0  0  0  0  0/0    19:25   0:00   5:35 
Zach Redmond             0  0  0   0  0   0  0  0  0  0  0/0     0:00   0:00   0:00 

Players Stats for Blackdemons

Player Name              G  A  P  +/- PIM S  H  SB GA TA FO     MP     PP MP  PK MP  
------------------------------------------------------------------------------------
Alexandre Grenier        0  0  0   0  0   2  2  0  1  0  1/3    17:09   6:16   0:00 
Alexei Morozov           1  0  1   1  0   3  2  0  0  0  0/0    17:08   5:50   0:00 
Blake Pietila            0  1  1   0  2   0  2  0  0  0  2/2    18:32   5:47   0:58 
Brett Kulak              0  0  0   0  0   0  0  0  0  0  0/0     8:56   0:18   0:06 
Hudson Fasching          0  0  0   0  0   0  1  0  0  0  0/1     9:59   0:08   0:00 
James Livingstone        0  0  0   0  0   0  0  0  0  0  0/0     6:30   0:00   0:00 
Jeffrey Foss             1  0  1   1  0   4  0  1  0  0  0/0    20:09   5:36   3:04 
Keaton Ellerby           0  0  0   0  0   1  2  6  0  0  0/0    26:19   6:47   3:23 
Kyle Rau                 0  0  0   0  0   2  0  2  0  0  6/11   13:50   0:00   2:57 
Ladislav Nagy            0  0  0   0  0   7  3  2  0  1  0/0    15:15   0:32   2:57 
Martin Hanzal            0  1  1   0  0   5  1  1  2  0  19/27  19:13   6:16   0:00 
Matt Grzelcyk            0  0  0   0  0   0  0  0  0  0  0/0     8:31   0:00   3:23 
Patrice Cormier          0  1  1   1  0   2  2  0  0  0  16/22  19:38   5:56   2:59 
Robbie Russo             0  0  0   0  4   1  0  0  0  1  0/0    10:25   0:00   0:00 
Roman Josi               0  0  0   0  0   2  0  1  0  1  0/0    15:52   6:47   0:00 
Scott Timmins            0  0  0   0  0   1  0  1  0  0  3/4     8:07   0:40   0:53 
Sergei Plotnikov         0  0  0   0  0   1  2  0  0  1  0/0     9:47   0:23   2:54 
Tommy Vannelli           0  0  0   0  0   0  0  0  0  0  0/0     7:09   0:23   0:56 
Yannick Weber            0  0  0   1  0   1  1  1  0  1  0/0    23:09   5:41   2:46 
Zachary Sanford          0  0  0   1  2   1  1  0  0  0  1/1    16:22   6:30   0:00 

3 Stars

1 - Matt Hackett (MJM)
2 - Craig Smith (MAN)
3 - Alexei Morozov (MJM)

Power Play

Monarchs - 0 on 4 Attempt(s) - 0.00%
Blackdemons - 0 on 8 Attempt(s) - 0.00%

Penalty Kill

Monarchs - 8 on 8 Attempt(s) - 100.00% - Score 0 goal in Penalty Kill
Blackdemons - 4 on 4 Attempt(s) - 100.00% - Score 0 goal in Penalty Kill

Team Stat

Monarchs - Hits : 22 - Faceoff Wins : 23 - Blocked Shots : 15 - Penalty Minutes : 14
Blackdemons - Hits : 19 - Faceoff Wins : 48 - Blocked Shots : 15 - Penalty Minutes : 8

Official

Referees : Unknown
Linesman : Unknown

Game Notes

3:27 of 1st period - Penalty Shot by Nathan Paetsch for Monarchs - Stopped by Matt Hackett

Finance

Level 1 -- Attendance: 1591 (79.55%) -- Ticket Income $63,640
Level 2 -- Attendance: 727 (72.70%) -- Ticket Income $14,540
Total Attendance: 2318 (77.27%)
Total Ticket Income: $78,180
Other Income: $3,909
Total Income: $82,089

Monarchs

5 vs 5 Forward 
   Center                   Left Wing                Right Wing               Time % Phy DF OF 
 1 Daultan Leveillé         Max Domi                 Craig Smith              35     0   2  3  
 2 Bo Horvat                Taylor Beck              Brandon Pirri            30     0   2  3  
 3 Ryan White               Jujhar Khaira            Tom Wilson               25     2   1  2  
 4 Frederik Gauthier        Valentin Zykov           Eric Fehr                10     0   3  2  

5 vs 5 Defense 
   Defense                  Defense                                           Time % Phy DF OF 
 1 Nathan Paetsch           Will Butcher                                      35     0   3  2  
 2 Josh Manson              Robert Hagg                                       30     2   3  0  
 3 Zac Leslie               Mike Reilly                                       25     1   3  1  
 4 Joe Morrow               Zac Leslie                                        10     1   3  1  

PowerPlay Forward 
   Center                   Left Wing                Right Wing               Time % Phy DF OF 
 1 Bo Horvat                Max Domi                 Craig Smith              60     0   1  4  
 2 Daultan Leveillé         Jujhar Khaira            Tom Wilson               40     2   0  3  

PowerPlay Defense
   Defense                  Defense                                           Time % Phy DF OF 
 1 Mike Reilly              Will Butcher                                      60     0   2  3  
 2 Taylor Beck              Nathan Paetsch                                    40     0   2  3  

Penalty Kill 4 Players Forward 
   Center                   Wing                     Time % Phy DF OF 
 1 Daultan Leveillé         Frederik Gauthier        60     1   3  1  
 2 Craig Smith              Jujhar Khaira            40     1   3  1  

Penalty Kill 4 Players Defense
   Defense                  Defense                  Time % Phy DF OF 
 1 Robert Hagg              Nathan Paetsch           60     1   4  0  
 2 Zac Leslie               Josh Manson              40     1   4  0  

Penalty Kill - 3 Players Forward 
   Forward                                           Time % Phy DF OF 
 1 Daultan Leveillé                                  60     1   4  0  
 2 Craig Smith                                       40     1   4  0  

Penalty Kill - 3 Players Defense
   Defense                  Defense                  Time % Phy DF OF 
 1 Nathan Paetsch           Robert Hagg              60     0   5  0  
 2 Zac Leslie               Josh Manson              40     0   5  0  

4 vs 4 Forward 
   Center                   Wing                     Time % Phy DF OF 
 1 Craig Smith              Eric Fehr                60     1   2  2  
 2 Daultan Leveillé         Max Domi                 40     1   2  2  

4 vs 4 Defense
   Defense                  Defense                  Time % Phy DF OF 
 1 Nathan Paetsch           Will Butcher             60     1   2  2  
 2 Robert Hagg              Josh Manson              40     1   2  2  

Last Minutes Offensive
   Center                   Left Wing                Right Wing               Defense                  Defense                  
   Daultan Leveillé         Max Domi                 Craig Smith              Will Butcher             Mike Reilly              

Last Minutes Defensive
   Center                   Left Wing                Right Wing               Defense                  Defense                  
   Daultan Leveillé         Jujhar Khaira            Craig Smith              Robert Hagg              Nathan Paetsch           

Goaltenders
Starting : Ilya Bryzgalov           
Backup : Antti Raanta             

Extra Forwards
Normal : Bo Horvat, Max Domi, Tom Wilson - PP : Frederik Gauthier, Daultan Leveillé - PK : Ryan White
Extra Defensemen
Normal : Will Butcher, Josh Manson, Robert Hagg - PP : Mike Reilly - PK : Josh Manson, Will Butcher
Penalty Shots
Brandon Pirri, Craig Smith, Eric Fehr, Taylor Beck, Bo Horvat

Scratches
Joel Armia (Back Spasms Injury), Tyler Beskorowany (Healthy)

Blackdemons

5 vs 5 Forward 
   Center                   Left Wing                Right Wing               Time % Phy DF OF 
 1 Martin Hanzal            Blake Pietila            Alexandre Grenier        34     0   1  4  
 2 Patrice Cormier          Zachary Sanford          Alexei Morozov           33     0   1  4  
 3 Kyle Rau                 Ladislav Nagy            Hudson Fasching          22     0   2  3  
 4 Scott Timmins            Sergei Plotnikov         James Livingstone        11     0   1  4  

5 vs 5 Defense 
   Defense                  Defense                                           Time % Phy DF OF 
 1 Keaton Ellerby           Yannick Weber                                     40     0   4  1  
 2 Jeffrey Foss             Robbie Russo                                      30     0   4  1  
 3 Brett Kulak              Roman Josi                                        22     0   5  0  
 4 Matt Grzelcyk            Tommy Vannelli                                    8      0   5  0  

PowerPlay Forward 
   Center                   Left Wing                Right Wing               Time % Phy DF OF 
 1 Patrice Cormier          Blake Pietila            Alexei Morozov           50     0   0  5  
 2 Martin Hanzal            Zachary Sanford          Alexandre Grenier        50     0   0  5  

PowerPlay Defense
   Defense                  Defense                                           Time % Phy DF OF 
 1 Jeffrey Foss             Yannick Weber                                     50     0   1  4  
 2 Keaton Ellerby           Roman Josi                                        50     0   1  4  

Penalty Kill 4 Players Forward 
   Center                   Wing                     Time % Phy DF OF 
 1 Patrice Cormier          Ladislav Nagy            50     0   5  0  
 2 Kyle Rau                 Sergei Plotnikov         50     0   5  0  

Penalty Kill 4 Players Defense
   Defense                  Defense                  Time % Phy DF OF 
 1 Yannick Weber            Jeffrey Foss             50     0   5  0  
 2 Matt Grzelcyk            Keaton Ellerby           50     0   5  0  

Penalty Kill - 3 Players Forward 
   Forward                                           Time % Phy DF OF 
 1 Patrice Cormier                                   60     0   5  0  
 2 Martin Hanzal                                     40     0   5  0  

Penalty Kill - 3 Players Defense
   Defense                  Defense                  Time % Phy DF OF 
 1 Yannick Weber            Matt Grzelcyk            60     0   5  0  
 2 Jeffrey Foss             Keaton Ellerby           40     0   5  0  

4 vs 4 Forward 
   Center                   Wing                     Time % Phy DF OF 
 1 Kyle Rau                 Martin Hanzal            50     1   2  2  
 2 Ladislav Nagy            Patrice Cormier          50     1   2  2  

4 vs 4 Defense
   Defense                  Defense                  Time % Phy DF OF 
 1 Keaton Ellerby           Robbie Russo             50     1   2  2  
 2 Yannick Weber            Jeffrey Foss             50     1   2  2  

Last Minutes Offensive
   Center                   Left Wing                Right Wing               Defense                  Defense                  
   Martin Hanzal            Ladislav Nagy            Alexei Morozov           Jeffrey Foss             Keaton Ellerby           

Last Minutes Defensive
   Center                   Left Wing                Right Wing               Defense                  Defense                  
   Martin Hanzal            Ladislav Nagy            Alexei Morozov           Jeffrey Foss             Keaton Ellerby           

Goaltenders
Starting : Matt Hackett             
Backup : Laurent Brossoit         

Extra Forwards
Normal : Martin Hanzal, Scott Timmins, Ladislav Nagy - PP : Martin Hanzal, Scott Timmins - PK : Patrice Cormier
Extra Defensemen
Normal : Yannick Weber, Keaton Ellerby, Jeffrey Foss - PP : Yannick Weber - PK : Keaton Ellerby, Jeffrey Foss
Penalty Shots
Martin Hanzal, Ladislav Nagy, Sergei Plotnikov, Hudson Fasching, Patrice Cormier

Scratches
Max Friberg (Sprained Right Finger Injury), Christophe Lalancette (Healthy), Charles-Olivier Roussel (Healthy), Klas Dahlbeck (Healthy), Remi Elie (Healthy)
Jyrki Jokipakka (Healthy), Mackenzie MacEachern (Healthy), Ben Maxwell (Healthy), Nicolas Deschamps (Healthy), Angelo Esposito (Healthy)
Jacob Lagacé (Healthy), Ebbe Siönäs (Healthy), Sami Aittokallio (Healthy), Jeremy Smith (Healthy)

% Time on Ice - Monarchs

Lines # - Real PCT - Wanted PCT - Time Play
Normal Forward
1 - 32% - 35% - 12:14
2 - 30% - 30% - 11:35
3 - 24% - 25% - 9:15
4 - 13% - 10% - 4:59
Normal Defense
1 - 38% - 35% - 14:26
2 - 29% - 30% - 10:59
3 - 26% - 25% - 9:44
4 - 8% - 10% - 2:54
PP Forward
1 - 56% - 60% - 3:48
2 - 44% - 40% - 3:01
PP Defense
1 - 52% - 60% - 3:33
2 - 48% - 40% - 3:16
PK Forward
1 - 70% - 60% - 8:54
2 - 30% - 40% - 3:52
PK Defense
1 - 56% - 60% - 7:11
2 - 44% - 40% - 5:35
PK3 Forward
1 - 0% - 60%
2 - 0% - 40%
PK3 Defense
1 - 0% - 60%
2 - 0% - 40%
44 Forward
1 - 100% - 60% - 1:08
2 - 0% - 40% - 0:00
44 Defense
1 - 81% - 60% - 0:55
2 - 19% - 40% - 0:13
Last Minute Offensive  - 1:14
Last Minute Defensive  - 0:00
Total
Forward - 60:00
Defense - 60:00

% Time on Ice - Blackdemons

Lines # - Real PCT - Wanted PCT - Time Play
Normal Forward
1 - 30% - 34% - 11:17
2 - 27% - 33% - 10:24
3 - 26% - 22% - 9:51
4 - 17% - 11% - 6:30
Normal Defense
1 - 37% - 40% - 14:10
2 - 30% - 30% - 11:25
3 - 19% - 22% - 7:19
4 - 13% - 8% - 5:08
PP Forward
1 - 47% - 50% - 5:58
2 - 53% - 50% - 6:48
PP Defense
1 - 43% - 50% - 5:27
2 - 57% - 50% - 7:19
PK Forward
1 - 49% - 50% - 3:21
2 - 51% - 50% - 3:28
PK Defense
1 - 49% - 50% - 3:20
2 - 51% - 50% - 3:29
PK3 Forward
1 - 0% - 60%
2 - 0% - 40%
PK3 Defense
1 - 0% - 60%
2 - 0% - 40%
44 Forward
1 - 56% - 50% - 0:38
2 - 44% - 50% - 0:30
44 Defense
1 - 60% - 50% - 0:41
2 - 40% - 50% - 0:27
Last Minute Offensive  - 0:00
Last Minute Defensive  - 1:15
Total
Forward - 60:00
Defense - 60:00

Play-by-Play

1st period


0:01 of 1st period - Martin Hanzal wins face-off versus Craig Smith in neutral zone.
0:29 of 1st period - Off-side.
0:30 of 1st period - Patrice Cormier wins face-off versus Bo Horvat in neutral zone.
0:37 of 1st period - Snap shot by Patrice Cormier.
0:37 of 1st period - Shot Blocked by Robert Hagg.
0:40 of 1st period - Icing by Robert Hagg.
0:41 of 1st period - Bo Horvat wins face-off versus Kyle Rau in Monarchs zone.
0:51 of 1st period - Wrist shot by Josh Manson.
0:51 of 1st period - Stopped by Matt Hackett without a rebound.
0:52 of 1st period - Patrice Cormier wins face-off versus Ryan White in Blackdemons zone.
0:54 of 1st period - Icing by Alexei Morozov.
0:55 of 1st period - Patrice Cormier wins face-off versus Ryan White in Blackdemons zone.
1:00 of 1st period - Mike Reilly is hit by Alexei Morozov and loses puck.
1:09 of 1st period - Snap shot by Ryan White.
1:09 of 1st period - Stopped by Matt Hackett without a rebound.
1:10 of 1st period - Scott Timmins wins face-off versus Frederik Gauthier in Blackdemons zone.
1:35 of 1st period - Ladislav Nagy is hit by Taylor Beck and loses puck.
2:58 of 1st period - Snap shot by Bo Horvat.
2:58 of 1st period - Stopped by Matt Hackett with a rebound.
3:00 of 1st period - Snap shot by Taylor Beck.
3:00 of 1st period - Stopped by Matt Hackett with a rebound.
3:02 of 1st period - Slapshot by Josh Manson.
3:02 of 1st period - Shot Misses the Net.
3:04 of 1st period - Wrist shot by Brandon Pirri.
3:04 of 1st period - Stopped by Matt Hackett without a rebound.
3:05 of 1st period - Patrice Cormier wins face-off versus Bo Horvat in Blackdemons zone.
3:05 of 1st period - Patrice Cormier is hit by Nathan Paetsch.
3:15 of 1st period - Wrist shot by Alexei Morozov.
3:15 of 1st period - Stopped by Ilya Bryzgalov with a rebound.
3:17 of 1st period - Slapshot by Jeffrey Foss.
3:17 of 1st period - Shot Blocked by Will Butcher.
3:19 of 1st period - Slapshot by Jeffrey Foss.
3:19 of 1st period - Shot Blocked by Nathan Paetsch.
3:21 of 1st period - Slapshot by Jeffrey Foss.
3:21 of 1st period - Stopped by Ilya Bryzgalov with a rebound.
3:27 of 1st period - Penalty Shot by Nathan Paetsch for Monarchs .
3:27 of 1st period - Backhand shot by Nathan Paetsch.
3:27 of 1st period - Stopped by Matt Hackett.
3:28 of 1st period - Martin Hanzal wins face-off versus Daultan Leveillé in Monarchs zone.
4:11 of 1st period - Off-side.
4:12 of 1st period - Kyle Rau wins face-off versus Bo Horvat in neutral zone.
4:21 of 1st period - Slapshot by Kyle Rau.
4:21 of 1st period - Stopped by Ilya Bryzgalov with a rebound.
4:37 of 1st period - Blake Pietila is hit by Craig Smith and loses puck.
5:02 of 1st period - Alexei Morozov is hit by Josh Manson and loses puck.
5:07 of 1st period - Wrist shot by Eric Fehr.
5:07 of 1st period - Stopped by Matt Hackett without a rebound.
5:08 of 1st period - Martin Hanzal wins face-off versus Daultan Leveillé in Blackdemons zone.
5:19 of 1st period - Snap shot by Max Domi.
5:19 of 1st period - Deflect By Craig Smith.
5:19 of 1st period - Stopped by Matt Hackett without a rebound.
5:20 of 1st period - Ryan White wins face-off versus Martin Hanzal in Blackdemons zone.
5:55 of 1st period - Snap shot by Daultan Leveillé.
5:55 of 1st period - Stopped by Matt Hackett without a rebound.
5:56 of 1st period - Daultan Leveillé wins face-off versus Hudson Fasching in Blackdemons zone.
6:18 of 1st period - Icing by Brett Kulak.
6:19 of 1st period - Patrice Cormier wins face-off versus Bo Horvat in Blackdemons zone.
6:29 of 1st period - Minor Penalty to Brandon Pirri for Interference.
6:30 of 1st period - Daultan Leveillé wins face-off versus Patrice Cormier in Monarchs zone.
8:15 of 1st period - Zachary Sanford is hit by Craig Smith and loses puck.
8:29 of 1st period - Penalty to Brandon Pirri is over, Brandon Pirri is back on ice.
9:09 of 1st period - Wrist shot by Ladislav Nagy.
9:09 of 1st period - Stopped by Ilya Bryzgalov without a rebound.
9:10 of 1st period - Ryan White wins face-off versus Kyle Rau in Monarchs zone.
9:47 of 1st period - Kyle Rau is hit by Daultan Leveillé and loses puck.
10:00 of 1st period - Wrist shot by Daultan Leveillé.
10:00 of 1st period - Shot Misses the Net.
10:02 of 1st period - Slapshot by Craig Smith.
10:02 of 1st period - Deflect By Daultan Leveillé.
10:02 of 1st period - Shot Misses the Net.
10:02 of 1st period - Puck is out of play.
10:03 of 1st period - Martin Hanzal wins face-off versus Bo Horvat in Blackdemons zone.
10:08 of 1st period - Robbie Russo is hit by Brandon Pirri and loses puck.
10:39 of 1st period - Wrist shot by Jujhar Khaira.
10:39 of 1st period - Shot Misses the Net.
10:51 of 1st period - Josh Manson is hit by Sergei Plotnikov and loses puck.
10:59 of 1st period - Off-side.
11:00 of 1st period - Martin Hanzal wins face-off versus Max Domi in neutral zone.
11:13 of 1st period - Wrist shot by Max Domi.
11:13 of 1st period - Shot Blocked by Martin Hanzal.
11:15 of 1st period - Snap shot by Craig Smith.
11:15 of 1st period - Shot Blocked by Yannick Weber.
12:12 of 1st period - Wrist shot by Scott Timmins.
12:12 of 1st period - Stopped by Ilya Bryzgalov without a rebound.
12:13 of 1st period - Scott Timmins wins face-off versus Daultan Leveillé in Monarchs zone.
12:38 of 1st period - Alexei Morozov is hit by Joe Morrow and loses puck.
12:47 of 1st period - Snap shot by Patrice Cormier.
12:47 of 1st period - Stopped by Ilya Bryzgalov without a rebound.
12:48 of 1st period - Bo Horvat wins face-off versus Martin Hanzal in Monarchs zone.
13:43 of 1st period - Snap shot by Jujhar Khaira.
13:43 of 1st period - Stopped by Matt Hackett without a rebound.
13:44 of 1st period - Martin Hanzal wins face-off versus Ryan White in Blackdemons zone.
13:51 of 1st period - Backhand shot by Ryan White.
13:51 of 1st period - Stopped by Matt Hackett without a rebound.
13:52 of 1st period - Martin Hanzal wins face-off versus Daultan Leveillé in Blackdemons zone.
14:01 of 1st period - Snap shot by Alexandre Grenier.
14:01 of 1st period - Stopped by Ilya Bryzgalov with a rebound.
14:03 of 1st period - Snap shot by Alexandre Grenier.
14:03 of 1st period - Stopped by Ilya Bryzgalov with a rebound.
14:07 of 1st period - Slapshot by Martin Hanzal.
14:07 of 1st period - Shot Misses the Net.
14:16 of 1st period - Off-side.
14:17 of 1st period - Bo Horvat wins face-off versus Patrice Cormier in neutral zone.
14:51 of 1st period - Slapshot by Martin Hanzal.
14:51 of 1st period - Stopped by Ilya Bryzgalov with a rebound.
14:53 of 1st period - Snap shot by Alexandre Grenier.
14:53 of 1st period - Shot Misses the Net.
15:05 of 1st period - Jujhar Khaira is hit by Hudson Fasching and loses puck.
15:12 of 1st period - Snap shot by Kyle Rau.
15:12 of 1st period - Deflect By Ladislav Nagy.
15:12 of 1st period - Stopped by Ilya Bryzgalov without a rebound.
15:13 of 1st period - Patrice Cormier wins face-off versus Bo Horvat in Monarchs zone.
15:38 of 1st period - Zachary Sanford is hit by Tom Wilson and loses puck.
15:49 of 1st period - Zachary Sanford is hit by Ryan White and loses puck.
16:19 of 1st period - Daultan Leveillé is hit by Blake Pietila and loses puck.
16:42 of 1st period - Wrist shot by Sergei Plotnikov.
16:42 of 1st period - Shot Blocked by Daultan Leveillé.
16:54 of 1st period - Snap shot by Ladislav Nagy.
16:54 of 1st period - Deflect By Taylor Beck.
16:54 of 1st period - Shot Blocked by Brandon Pirri.
16:54 of 1st period - Puck is out of play.
16:55 of 1st period - Bo Horvat wins face-off versus Kyle Rau in Monarchs zone.
17:00 of 1st period - Slapshot by Brandon Pirri.
17:00 of 1st period - Shot Blocked by Ladislav Nagy.
17:19 of 1st period - Robert Hagg is hit by Ladislav Nagy and loses puck.
17:46 of 1st period - Wrist shot by Kyle Rau.
17:46 of 1st period - Deflect By Ladislav Nagy.
17:46 of 1st period - Stopped by Ilya Bryzgalov with a rebound.
17:48 of 1st period - Snap shot by Kyle Rau.
17:48 of 1st period - Shot Misses the Net.
17:50 of 1st period - Snap shot by Kyle Rau.
17:50 of 1st period - Shot Misses the Net.
18:19 of 1st period - Icing by Taylor Beck.
18:20 of 1st period - Patrice Cormier wins face-off versus Bo Horvat in Monarchs zone.
18:23 of 1st period - Snap shot by Patrice Cormier.
18:23 of 1st period - Shot Misses the Net.
18:25 of 1st period - Snap shot by Alexei Morozov.
18:25 of 1st period - Goal by Alexei Morozov - Monarchs : 0 - Blackdemons : 1.
18:26 of 1st period - Martin Hanzal wins face-off versus Ryan White in neutral zone.
19:31 of 1st period - Martin Hanzal is hit by Tom Wilson and loses puck.
Goals for this period are 0 for Monarchs vs 1 for Blackdemons.
Shots for this period are 10 for Monarchs vs 12 for Blackdemons.

2nd period


0:01 of 2nd period - Ryan White wins face-off versus Martin Hanzal in neutral zone.
0:04 of 2nd period - Slapshot by Nathan Paetsch.
0:04 of 2nd period - Deflect By Jujhar Khaira.
0:04 of 2nd period - Shot Misses the Net.
0:04 of 2nd period - Puck is out of play.
0:05 of 2nd period - Martin Hanzal wins face-off versus Ryan White in Blackdemons zone.
0:18 of 2nd period - Wrist shot by Martin Hanzal.
0:18 of 2nd period - Shot Blocked by Nathan Paetsch.
0:44 of 2nd period - Zachary Sanford is hit by Daultan Leveillé and loses puck.
1:14 of 2nd period - Off-side.
1:15 of 2nd period - Blake Pietila wins face-off versus Frederik Gauthier in neutral zone.
1:40 of 2nd period - Craig Smith is hit by Patrice Cormier and loses puck.
2:03 of 2nd period - Snap shot by Ladislav Nagy.
2:03 of 2nd period - Deflect By Hudson Fasching.
2:03 of 2nd period - Shot Misses the Net.
2:03 of 2nd period - Puck is out of play.
2:04 of 2nd period - Kyle Rau wins face-off versus Ryan White in Monarchs zone.
2:11 of 2nd period - Wrist shot by Ladislav Nagy.
2:11 of 2nd period - Shot Misses the Net.
2:13 of 2nd period - Wrist shot by Ladislav Nagy.
2:13 of 2nd period - Stopped by Ilya Bryzgalov with a rebound.
2:19 of 2nd period - Snap shot by Kyle Rau.
2:19 of 2nd period - Shot Blocked by Tom Wilson.
2:40 of 2nd period - Snap shot by Tom Wilson.
2:40 of 2nd period - Shot Misses the Net.
3:37 of 2nd period - Minor Penalty to Taylor Beck for Slashing.
3:38 of 2nd period - Martin Hanzal wins face-off versus Daultan Leveillé in Monarchs zone.
3:48 of 2nd period - Off-side.
3:49 of 2nd period - Patrice Cormier wins face-off versus Daultan Leveillé in neutral zone.
3:58 of 2nd period - Snap shot by Patrice Cormier.
3:58 of 2nd period - Stopped by Ilya Bryzgalov without a rebound.
3:59 of 2nd period - Patrice Cormier wins face-off versus Daultan Leveillé in Monarchs zone.
4:00 of 2nd period - Snap shot by Alexei Morozov.
4:00 of 2nd period - Shot Misses the Net.
4:02 of 2nd period - Snap shot by Blake Pietila.
4:02 of 2nd period - Deflect By Alexei Morozov.
4:02 of 2nd period - Shot Misses the Net.
4:02 of 2nd period - Puck is out of play.
4:03 of 2nd period - Zachary Sanford wins face-off versus Daultan Leveillé in Monarchs zone.
4:04 of 2nd period - Snap shot by Martin Hanzal.
4:04 of 2nd period - Deflect By Zachary Sanford.
4:04 of 2nd period - Shot Misses the Net.
4:04 of 2nd period - Puck is out of play.
4:05 of 2nd period - Martin Hanzal wins face-off versus Daultan Leveillé in Monarchs zone.
4:18 of 2nd period - Snap shot by Martin Hanzal.
4:18 of 2nd period - Shot Blocked by Nathan Paetsch.
5:37 of 2nd period - Penalty to Taylor Beck is over, Taylor Beck is back on ice.
5:39 of 2nd period - Robert Hagg is hit by Keaton Ellerby and loses puck.
5:50 of 2nd period - Snap shot by Ladislav Nagy.
5:50 of 2nd period - Stopped by Ilya Bryzgalov without a rebound.
5:51 of 2nd period - Kyle Rau wins face-off versus Bo Horvat in Monarchs zone.
5:56 of 2nd period - Wrist shot by Kyle Rau.
5:56 of 2nd period - Stopped by Ilya Bryzgalov with a rebound.
5:58 of 2nd period - Minor Penalty to Brandon Pirri for Hooking.
5:59 of 2nd period - Daultan Leveillé wins face-off versus Patrice Cormier in Monarchs zone.
6:10 of 2nd period - Snap shot by Patrice Cormier.
6:10 of 2nd period - Shot Blocked by Robert Hagg.
6:12 of 2nd period - Slapshot by Yannick Weber.
6:12 of 2nd period - Stopped by Ilya Bryzgalov without a rebound.
6:13 of 2nd period - Martin Hanzal wins face-off versus Daultan Leveillé in Monarchs zone.
6:28 of 2nd period - Daultan Leveillé is hit by Zachary Sanford and loses puck.
7:52 of 2nd period - Alexei Morozov is hit by Ryan White and loses puck.
7:58 of 2nd period - Penalty to Brandon Pirri is over, Brandon Pirri is back on ice.
8:11 of 2nd period - Slapshot by Taylor Beck.
8:11 of 2nd period - Stopped by Matt Hackett with a rebound.
8:26 of 2nd period - Keaton Ellerby is hit by Ryan White and loses puck.
8:59 of 2nd period - Off-side.
9:00 of 2nd period - Frederik Gauthier wins face-off versus Alexandre Grenier in neutral zone.
9:04 of 2nd period - Double Minor Penalty to Robbie Russo for Roughing.
9:05 of 2nd period - Patrice Cormier wins face-off versus Bo Horvat in Blackdemons zone.
9:11 of 2nd period - Will Butcher is hit by Ladislav Nagy and loses puck.
9:16 of 2nd period - Snap shot by Ladislav Nagy.
9:16 of 2nd period - Shot Blocked by Mike Reilly.
11:27 of 2nd period - Ladislav Nagy is hit by Taylor Beck and loses puck.
12:12 of 2nd period - Jeffrey Foss is hit by Mike Hoffman and loses puck.
13:04 of 2nd period - Penalty to Robbie Russo is over, Robbie Russo is back on ice.
13:32 of 2nd period - Snap shot by Robbie Russo.
13:32 of 2nd period - Shot Misses the Net.
13:34 of 2nd period - Wrist shot by Robbie Russo.
13:34 of 2nd period - Stopped by Ilya Bryzgalov without a rebound.
13:35 of 2nd period - Patrice Cormier wins face-off versus Frederik Gauthier in Monarchs zone.
13:38 of 2nd period - Wrist shot by Patrice Cormier.
13:38 of 2nd period - Shot Misses the Net.
13:40 of 2nd period - Wrist shot by Zachary Sanford.
13:40 of 2nd period - Shot Blocked by Nathan Paetsch.
13:46 of 2nd period - Wrist shot by Alexei Morozov.
13:46 of 2nd period - Shot Misses the Net.
13:56 of 2nd period - James Livingstone is hit by Taylor Beck and loses puck.
14:03 of 2nd period - Snap shot by Taylor Beck.
14:03 of 2nd period - Shot Blocked by Scott Timmins.
14:13 of 2nd period - Max Domi is hit by Patrice Cormier and loses puck.
15:07 of 2nd period - Wrist shot by Eric Fehr.
15:07 of 2nd period - Shot Misses the Net.
15:09 of 2nd period - Slapshot by Zac Leslie.
15:09 of 2nd period - Stopped by Matt Hackett with a rebound.
15:11 of 2nd period - Slapshot by Eric Fehr.
15:11 of 2nd period - Shot Hit the Post.
15:13 of 2nd period - Slapshot by Zac Leslie.
15:13 of 2nd period - Shot Misses the Net.
15:38 of 2nd period - Minor Penalty to Jujhar Khaira for Hooking.
15:39 of 2nd period - Martin Hanzal wins face-off versus Frederik Gauthier in Monarchs zone.
15:40 of 2nd period - Snap shot by Zachary Sanford.
15:40 of 2nd period - Stopped by Ilya Bryzgalov with a rebound.
15:42 of 2nd period - Wrist shot by Martin Hanzal.
15:42 of 2nd period - Stopped by Ilya Bryzgalov with a rebound.
17:38 of 2nd period - Penalty to Jujhar Khaira is over, Jujhar Khaira is back on ice.
17:50 of 2nd period - Snap shot by Brandon Pirri.
17:50 of 2nd period - Deflect By Taylor Beck.
17:50 of 2nd period - Stopped by Matt Hackett with a rebound.
17:52 of 2nd period - Slapshot by Josh Manson.
17:52 of 2nd period - Shot Blocked by Roman Josi.
18:13 of 2nd period - Keaton Ellerby is hit by Nathan Paetsch and loses puck.
18:41 of 2nd period - Wrist shot by James Livingstone.
18:41 of 2nd period - Shot Blocked by Will Butcher.
19:10 of 2nd period - Tommy Vannelli is hit by Max Domi and loses puck.
19:24 of 2nd period - Icing by Tommy Vannelli.
19:25 of 2nd period - Kyle Rau wins face-off versus Bo Horvat in Blackdemons zone.
19:36 of 2nd period - Snap shot by Kyle Rau.
19:36 of 2nd period - Shot Misses the Net.
19:52 of 2nd period - Snap shot by Alexandre Grenier.
19:52 of 2nd period - Deflect By Martin Hanzal.
19:52 of 2nd period - Shot Blocked by Mike Reilly.
19:52 of 2nd period - Puck is out of play.
19:53 of 2nd period - Frederik Gauthier wins face-off versus Martin Hanzal in Monarchs zone.
Goals for this period are 0 for Monarchs vs 0 for Blackdemons.
Shots for this period are 3 for Monarchs vs 8 for Blackdemons.

3rd period


0:01 of 3rd period - Daultan Leveillé wins face-off versus Martin Hanzal in neutral zone.
0:06 of 3rd period - Snap shot by Max Domi.
0:06 of 3rd period - Deflect By Craig Smith.
0:06 of 3rd period - Shot Blocked by Keaton Ellerby.
0:06 of 3rd period - Puck is out of play.
0:07 of 3rd period - Daultan Leveillé wins face-off versus Martin Hanzal in Blackdemons zone.
0:10 of 3rd period - Snap shot by Daultan Leveillé.
0:10 of 3rd period - Shot Misses the Net.
0:12 of 3rd period - Wrist shot by Daultan Leveillé.
0:12 of 3rd period - Shot Misses the Net.
0:14 of 3rd period - Wrist shot by Craig Smith.
0:14 of 3rd period - Stopped by Matt Hackett with a rebound.
0:16 of 3rd period - Wrist shot by Max Domi.
0:16 of 3rd period - Stopped by Matt Hackett with a rebound.
0:18 of 3rd period - Snap shot by Daultan Leveillé.
0:18 of 3rd period - Shot Misses the Net.
0:20 of 3rd period - Slapshot by Robert Hagg.
0:20 of 3rd period - Shot Misses the Net.
0:22 of 3rd period - Wrist shot by Craig Smith.
0:22 of 3rd period - Goal by Craig Smith - Monarchs : 1 - Blackdemons : 1.
0:23 of 3rd period - Martin Hanzal wins face-off versus Daultan Leveillé in neutral zone.
0:25 of 3rd period - Minor Penalty to Blake Pietila for Tripping.
0:26 of 3rd period - Bo Horvat wins face-off versus Patrice Cormier in Blackdemons zone.
0:30 of 3rd period - Snap shot by Will Butcher.
0:30 of 3rd period - Stopped by Matt Hackett with a rebound.
0:32 of 3rd period - Slapshot by Will Butcher.
0:32 of 3rd period - Stopped by Matt Hackett with a rebound.
0:34 of 3rd period - Wrist shot by Craig Smith.
0:34 of 3rd period - Shot Blocked by Keaton Ellerby.
0:38 of 3rd period - Snap shot by Will Butcher.
0:38 of 3rd period - Shot Misses the Net.
0:58 of 3rd period - Slapshot by Tom Wilson.
0:58 of 3rd period - Stopped by Matt Hackett without a rebound.
0:59 of 3rd period - Kyle Rau wins face-off versus Daultan Leveillé in Blackdemons zone.
1:46 of 3rd period - Slapshot by Nathan Paetsch.
1:46 of 3rd period - Shot Misses the Net.
1:48 of 3rd period - Slapshot by Nathan Paetsch.
1:48 of 3rd period - Shot Blocked by Keaton Ellerby.
1:50 of 3rd period - Backhand shot by Taylor Beck.
1:50 of 3rd period - Stopped by Matt Hackett with a rebound.
1:52 of 3rd period - Slapshot by Tom Wilson.
1:52 of 3rd period - Stopped by Matt Hackett with a rebound.
1:56 of 3rd period - Backhand shot by Tom Wilson.
1:56 of 3rd period - Stopped by Matt Hackett with a rebound.
1:58 of 3rd period - Slapshot by Nathan Paetsch.
1:58 of 3rd period - Shot Blocked by Kyle Rau.
2:00 of 3rd period - Snap shot by Taylor Beck.
2:00 of 3rd period - Shot Blocked by Keaton Ellerby.
2:02 of 3rd period - Slapshot by Tom Wilson.
2:02 of 3rd period - Shot Blocked by Keaton Ellerby.
2:12 of 3rd period - Wrist shot by Daultan Leveillé.
2:12 of 3rd period - Stopped by Matt Hackett without a rebound.
2:13 of 3rd period - Patrice Cormier wins face-off versus Bo Horvat in Blackdemons zone.
2:25 of 3rd period - Penalty to Blake Pietila is over, Blake Pietila is back on ice.
2:46 of 3rd period - Snap shot by Martin Hanzal.
2:46 of 3rd period - Stopped by Ilya Bryzgalov with a rebound.
2:48 of 3rd period - Slapshot by Jeffrey Foss.
2:48 of 3rd period - Goal by Jeffrey Foss - Monarchs : 1 - Blackdemons : 2.
2:49 of 3rd period - Patrice Cormier wins face-off versus Bo Horvat in neutral zone.
3:00 of 3rd period - Robert Hagg is hit by Keaton Ellerby and loses puck.
3:15 of 3rd period - Blake Pietila is hit by Craig Smith and loses puck.
4:06 of 3rd period - James Livingstone is hit by Nathan Paetsch and loses puck.
4:21 of 3rd period - Snap shot by Taylor Beck.
4:21 of 3rd period - Stopped by Matt Hackett with a rebound.
4:23 of 3rd period - Snap shot by Mike Reilly.
4:23 of 3rd period - Stopped by Matt Hackett without a rebound.
4:24 of 3rd period - Patrice Cormier wins face-off versus Daultan Leveillé in Blackdemons zone.
4:37 of 3rd period - Slapshot by Craig Smith.
4:37 of 3rd period - Stopped by Matt Hackett with a rebound.
4:39 of 3rd period - Snap shot by Craig Smith.
4:39 of 3rd period - Stopped by Matt Hackett without a rebound.
4:40 of 3rd period - Martin Hanzal wins face-off versus Bo Horvat in Blackdemons zone.
4:59 of 3rd period - Bo Horvat is hit by Alexandre Grenier and loses puck.
5:14 of 3rd period - Wrist shot by Patrice Cormier.
5:14 of 3rd period - Shot Misses the Net.
5:16 of 3rd period - Slapshot by Zachary Sanford.
5:16 of 3rd period - Shot Misses the Net.
5:18 of 3rd period - Snap shot by Brett Kulak.
5:18 of 3rd period - Shot Blocked by Robert Hagg.
5:20 of 3rd period - Slapshot by Roman Josi.
5:20 of 3rd period - Stopped by Ilya Bryzgalov without a rebound.
5:21 of 3rd period - Ryan White wins face-off versus Patrice Cormier in Monarchs zone.
5:23 of 3rd period - Icing by Nathan Paetsch.
5:24 of 3rd period - Tom Wilson wins face-off versus Patrice Cormier in Monarchs zone.
5:39 of 3rd period - Slapshot by Alexei Morozov.
5:39 of 3rd period - Stopped by Ilya Bryzgalov without a rebound.
5:40 of 3rd period - Daultan Leveillé wins face-off versus Martin Hanzal in Monarchs zone.
5:50 of 3rd period - Off-side.
5:51 of 3rd period - Martin Hanzal wins face-off versus Daultan Leveillé in neutral zone.
5:56 of 3rd period - Slapshot by Martin Hanzal.
5:56 of 3rd period - Stopped by Ilya Bryzgalov with a rebound.
6:16 of 3rd period - Will Butcher is hit by Alexei Morozov and loses puck.
6:37 of 3rd period - Slapshot by Tom Wilson.
6:37 of 3rd period - Stopped by Matt Hackett with a rebound.
6:39 of 3rd period - Wrist shot by Tom Wilson.
6:39 of 3rd period - Shot Misses the Net.
6:41 of 3rd period - Backhand shot by Jujhar Khaira.
6:41 of 3rd period - Stopped by Matt Hackett without a rebound.
6:42 of 3rd period - Martin Hanzal wins face-off versus Daultan Leveillé in Blackdemons zone.
6:42 of 3rd period - Martin Hanzal is hit by Craig Smith.
6:52 of 3rd period - Slapshot by Craig Smith.
6:52 of 3rd period - Shot Blocked by Jeffrey Foss.
7:26 of 3rd period - Craig Smith is hit by Ladislav Nagy and loses puck.
7:55 of 3rd period - Off-side.
7:56 of 3rd period - Scott Timmins wins face-off versus Ryan White in neutral zone.
8:11 of 3rd period - Snap shot by Ryan White.
8:11 of 3rd period - Shot Misses the Net.
8:38 of 3rd period - Icing by Keaton Ellerby.
8:39 of 3rd period - Daultan Leveillé wins face-off versus Alexandre Grenier in Blackdemons zone.
8:58 of 3rd period - Minor Penalty to Josh Manson for Interference.
8:59 of 3rd period - Alexandre Grenier wins face-off versus Daultan Leveillé in Monarchs zone.
9:03 of 3rd period - Wrist shot by Alexandre Grenier.
9:03 of 3rd period - Shot Blocked by Robert Hagg.
9:05 of 3rd period - Slapshot by Roman Josi.
9:05 of 3rd period - Stopped by Ilya Bryzgalov with a rebound.
9:07 of 3rd period - Slapshot by Keaton Ellerby.
9:07 of 3rd period - Stopped by Ilya Bryzgalov without a rebound.
9:08 of 3rd period - Daultan Leveillé wins face-off versus Martin Hanzal in Monarchs zone.
9:32 of 3rd period - Icing by Keaton Ellerby.
9:33 of 3rd period - Martin Hanzal wins face-off versus Daultan Leveillé in Blackdemons zone.
9:54 of 3rd period - Snap shot by Zachary Sanford.
9:54 of 3rd period - Deflect By Martin Hanzal.
9:54 of 3rd period - Stopped by Ilya Bryzgalov without a rebound.
9:55 of 3rd period - Patrice Cormier wins face-off versus Daultan Leveillé in Monarchs zone.
10:58 of 3rd period - Penalty to Josh Manson is over, Josh Manson is back on ice.
11:14 of 3rd period - Wrist shot by Ladislav Nagy.
11:14 of 3rd period - Stopped by Ilya Bryzgalov without a rebound.
11:15 of 3rd period - Bo Horvat wins face-off versus Scott Timmins in Monarchs zone.
11:28 of 3rd period - Backhand shot by Brandon Pirri.
11:28 of 3rd period - Stopped by Matt Hackett with a rebound.
11:45 of 3rd period - Minor Penalty to Zachary Sanford for Goalie Interference.
11:46 of 3rd period - Bo Horvat wins face-off versus Kyle Rau in Blackdemons zone.
11:48 of 3rd period - Wrist shot by Max Domi.
11:48 of 3rd period - Shot Blocked by Kyle Rau.
11:50 of 3rd period - Slapshot by Max Domi.
11:50 of 3rd period - Shot Misses the Net.
11:52 of 3rd period - Slapshot by Mike Reilly.
11:52 of 3rd period - Deflect By Craig Smith.
11:52 of 3rd period - Shot Blocked by Keaton Ellerby.
11:52 of 3rd period - Puck is out of play.
11:53 of 3rd period - Kyle Rau wins face-off versus Craig Smith in Blackdemons zone.
12:28 of 3rd period - Off-side.
12:29 of 3rd period - Patrice Cormier wins face-off versus Daultan Leveillé in neutral zone.
12:36 of 3rd period - Double Minor Penalty to Jujhar Khaira for Slashing.
12:37 of 3rd period - Craig Smith wins face-off versus Kyle Rau in Monarchs zone.
13:45 of 3rd period - Penalty to Zachary Sanford is over, Zachary Sanford is back on ice.
13:56 of 3rd period - Wrist shot by Ladislav Nagy.
13:56 of 3rd period - Stopped by Ilya Bryzgalov with a rebound.
14:04 of 3rd period - Snap shot by Patrice Cormier.
14:04 of 3rd period - Shot Misses the Net.
14:06 of 3rd period - Snap shot by Jeffrey Foss.
14:06 of 3rd period - Stopped by Ilya Bryzgalov with a rebound.
14:08 of 3rd period - Slapshot by Jeffrey Foss.
14:08 of 3rd period - Shot Misses the Net.
14:12 of 3rd period - Snap shot by Ladislav Nagy.
14:12 of 3rd period - Shot Misses the Net.
14:14 of 3rd period - Wrist shot by Patrice Cormier.
14:14 of 3rd period - Shot Misses the Net.
14:16 of 3rd period - Snap shot by Jeffrey Foss.
14:16 of 3rd period - Deflect By Josh Manson.
14:16 of 3rd period - Stopped by Ilya Bryzgalov without a rebound.
14:17 of 3rd period - Martin Hanzal wins face-off versus Frederik Gauthier in Monarchs zone.
15:13 of 3rd period - Josh Manson is hit by Alexandre Grenier and loses puck.
15:47 of 3rd period - Colin Smith is hit by Blake Pietila and loses puck.
16:16 of 3rd period - Zac Leslie is hit by Yannick Weber and loses puck.
16:36 of 3rd period - Penalty to Jujhar Khaira is over, Jujhar Khaira is back on ice.
16:49 of 3rd period - Snap shot by Brandon Pirri.
16:49 of 3rd period - Shot Blocked by Ladislav Nagy.
16:51 of 3rd period - Slapshot by Zac Leslie.
16:51 of 3rd period - Shot Misses the Net.
17:44 of 3rd period - Robert Hagg is hit by Sergei Plotnikov and loses puck.
17:57 of 3rd period - Snap shot by Sergei Plotnikov.
17:57 of 3rd period - Stopped by Ilya Bryzgalov without a rebound.
17:58 of 3rd period - Blake Pietila wins face-off versus Craig Smith in Monarchs zone.
18:28 of 3rd period - Slapshot by Nathan Paetsch.
18:28 of 3rd period - Shot Misses the Net.
19:00 of 3rd period - Craig Smith is hit by Martin Hanzal and loses puck.
19:41 of 3rd period - Slapshot by Martin Hanzal.
19:41 of 3rd period - Shot Misses the Net.
19:51 of 3rd period - Monarchs , Ilya Bryzgalov is pulled from the net.
Goals for this period are 1 for Monarchs vs 1 for Blackdemons.
Shots for this period are 17 for Monarchs vs 13 for Blackdemons.